 Dungeon Crawl Stone Soup version 0.31-a0-149-g3fdcc5976a (webtiles) character file.

Game seed: 15762743545528543024

119 qw the Shooter (level 4, 0/38 HPs)
             Began as a Minotaur Hunter on June 7, 2023.
             Slain by Menkaure (5 damage)
             ... on level 4 of the Dungeon.
             The game lasted 00:00:46 (2408 turns).

qw the Shooter (Minotaur Hunter)                    Turns: 2408, Time: 00:00:46

Health: 0/38       AC:  7    Str: 15    XL:     4   Next: 73%
Magic:  3/3        EV: 11    Int:  6    God:
Gold:   108        SH:  0    Dex: 16    Spells: 3/3 levels left

rFire   . . .        Y - +1 shortbow (drain)
rCold   . . .        (shield currently unavailable)
rNeg    . . .        h - +0 ring mail
rPois   .            d - +1 hat
rElec   .            (no cloak)
rCorr   .            e - +0 pair of gloves
SInv    .            (no boots)
Will    .....        (no amulet)
Stlth   +            (no ring)
HPRegen 0.26/turn    (no ring)
MPRegen 0.08/turn

%: no passive effects
@: about to teleport
A: horns 2, retaliatory headbutt
a: no special abilities


You were on level 4 of the Dungeon.
You visited 1 branch of the dungeon, and saw 4 of its levels.

You collected 108 gold pieces.


Innate Abilities, Weirdness & Mutations

You have a pair of horns on your head.
You reflexively headbutt those who attack you in melee.


   Skills:
 + Level 3.4 Fighting
 - Level 6.2 Ranged Weapons
 - Level 1.1 Armour
 - Level 2.1 Dodging
 - Level 0.7 Stealth


You had 3 spell levels left.
You didn't know any spells.
Your spell library was empty.

Inventory:

Hand Weapons
 Y - a +1 shortbow of draining (weapon)
Armour
 d - a +1 hat (worn)
 e - a +0 pair of gloves (worn)
 h - a +0 ring mail (worn)
Scrolls
 a - 2 scrolls of identify
Potions
 b - a potion of haste
 g - a potion of curing
 i - 3 potions of might

Dungeon Overview and Level Annotations

Branches:
Dungeon (4/15)
 Temple: D:4-7

Altars:

Annotations:
D:4 Menkaure


Message History

You shoot an arrow. The arrow hits the adder.
The adder is heavily wounded.
The adder bites you but does no damage.
Menkaure, Prince of Dust comes into view.
The adder closely misses you. You furiously retaliate!
You headbutt the adder!
You kill the adder!
Your Armour skill increases to level 1!
You shoot an arrow.
The arrow hits Menkaure but does no damage.
You shoot an arrow. The arrow hits Menkaure.
Menkaure is lightly damaged.
An adder comes into view.
Menkaure whispers a few words.
Menkaure hits you.
You shoot an arrow.
The arrow hits Menkaure but does no damage.
Menkaure is lightly damaged.
Menkaure gestures wildly while chanting.
Menkaure seems to speed up.
You shoot an arrow.
The arrow hits Menkaure but does no damage.
Menkaure is lightly damaged.
Menkaure giggles, "These cerements are ticklish..."
Menkaure gestures at you while chanting.
Pain shoots through your body! The adder closely misses you.
Menkaure misses you.
You shoot an arrow. The arrow hits Menkaure.
Menkaure is heavily damaged.
The adder bites you. Menkaure hits you!!
2407 ||| READING scroll of teleportation.
As you read the scroll of teleportation, it crumbles to dust.
You feel strangely unstable. The adder bites you but does no damage.
Menkaure barely misses you. You furiously retaliate!
You headbutt Menkaure, but do no damage.
The adder closely misses you.
You shoot an arrow. The arrow hits Menkaure.
Menkaure is heavily damaged.
Menkaure hits you.
You die...

#...................
#######.............
#...........!.
##.............
#..............
##.............
#..##.........
#..#..SM#..#..
##.#.#@## .# #.#..%#
....... #..##....
#..##..##. #. #..#
.. #..# .# .... .


You could see Menkaure (fast) and an adder.

Vanquished Creatures
  A hound (D:3)
  4 adders
  3 worms
  3 dart slugs
  2 endoplasms
  3 giant cockroaches
  3 goblins
  3 hobgoblins
  4 jackals (D:2)
  2 quokkas
  7 ball pythons
  A frilled lizard (D:3)
  2 kobolds
  3 rats (D:2)
41 creatures vanquished.

Notes
Turn   | Place    | Note
-------+----------+-------------------------------------------
     0 | D:1      | qw the Minotaur Hunter began the quest for the Orb.
     0 | D:1      | Reached XP level 1. HP: 18/18 MP: 0/0
     0 | D:1      | 0 ||| qw: Version: 0.2-a-117-gc6b5c8b
     0 | D:1      | 0 ||| qw: Game counter: 2639
     0 | D:1      | 0 ||| qw: Always use a shield: true
     0 | D:1      | 0 ||| qw: God list: Okawaru
     0 | D:1      | 0 ||| qw: Allow faded altars: false
     0 | D:1      | 0 ||| qw: Do Orc after D:15 true
     0 | D:1      | 0 ||| qw: Do second Lair branch before Depths: true
     0 | D:1      | 0 ||| qw: Lair rune preference: random
     0 | D:1      | 0 ||| qw: Plans: Normal
     0 | D:1      | 0 ||| PLANNING D:1-11
   427 | D:1      | Reached skill level 5 in Ranged Weapons
   427 | D:1      | Reached XP level 2. HP: 25/25 MP: 1/1
   924 | D:1      | 924 ||| READING 6 scrolls labelled HETSU DEZEROC.
   925 | D:1      | 925 ||| READING scroll labelled ZUMOOH UKOSHO.
   926 | D:1      | 926 ||| READING scroll labelled UMNARO WIERUTA.
   927 | D:1      | 927 ||| READING 5 scrolls of identify.
   927 | D:1      | 927 ||| IDENTIFYING sedimented cyan potion
   928 | D:1      | 928 ||| READING 4 scrolls of identify.
   928 | D:1      | 928 ||| IDENTIFYING white potion
   929 | D:1      | 929 ||| READING 3 scrolls of identify.
   929 | D:1      | 929 ||| IDENTIFYING metallic purple potion
   930 | D:1      | 930 ||| DROPPING scroll of butterflies.
   931 | D:1      | 931 ||| DROPPING potion of enlightenment.
   932 | D:1      | 932 ||| DROPPING potion of degeneration.
  1031 | D:2      | Reached skill level 3 in Fighting
  1120 | D:2      | Reached XP level 3. HP: 30/31 MP: 2/2
  1595 | D:2      | 1595 ||| UPGRADING to +1 hat.
  1600 | D:2      | 1600 ||| READING scroll labelled DONANYQIUH.
  1601 | D:2      | 1601 ||| READING scroll labelled ZEETRIGAURU.
  1602 | D:2      | 1602 ||| READING scroll labelled HUAC HUGAY.
  1607 | D:2      | 1607 ||| READING 3 scrolls of identify.
  1607 | D:2      | 1607 ||| IDENTIFYING fizzy pink potion
  1608 | D:2      | 1608 ||| READING 2 scrolls of identify.
  1608 | D:2      | 1608 ||| IDENTIFYING viscous purple potion
  1609 | D:2      | 1609 ||| DROPPING potion of brilliance.
  1610 | D:2      | 1610 ||| DROPPING potion of magic.
  1676 | D:3      | Reached skill level 6 in Ranged Weapons
  1676 | D:3      | Reached XP level 4. HP: 35/38 MP: 3/3
  2232 | D:3      | 2232 ||| UPGRADING to +0 pair of gloves.
  2237 | D:3      | 2237 ||| UPGRADING to +0 ring mail.
  2247 | D:3      | 2247 ||| DROPPING +0 leather armour.
  2248 | D:3      | 2248 ||| READING scroll labelled LIHIOSKIUFOU.
  2349 | D:3      | 2349 ||| READING scroll labelled HONGAGH WEUTU.
  2350 | D:3      | 2350 ||| READING 4 scrolls of identify.
  2350 | D:3      | 2350 ||| IDENTIFYING lumpy green potion
  2351 | D:3      | 2351 ||| READING 3 scrolls of identify.
  2351 | D:3      | 2351 ||| IDENTIFYING murky grey potion
  2401 | D:4      | Noticed Menkaure
  2402 | D:4      | Reached skill level 1 in Armour
  2406 | D:4      | HP: 5/38 [Menkaure (18)]
  2407 | D:4      | 2407 ||| READING scroll of teleportation.
  2408 | D:4      | Slain by Menkaure

Levels and vault maps discovered:
D:1:      minmay_arrival_jagged, layout_basic
D:2:      layout_basic
D:3:      layout_loops_cross, grunt_decor_arrowhead, minmay_crystal_water
D:4:      layout_basic, lemuel_flame_loot_1, uniq_menkaure, uniq_edmund

Skill      XL: |  1  2  3  4 |
---------------+-------------+-----
Ranged Weapons | 5 6 |  6.2
Fighting       | 3 |  3.4
Armour         | 1 |  1.1
Dodging        | |  2.1
Stealth        | |  0.7

Action                     |  1- 3 |  4- 6 || total
---------------------------+-------+-------++-------
   Fire: Shortbow          |   109 |    34 ||   143
    Use: Scroll            |    11 |     5 ||    16
 Armour: Leather armour    |    13 |     3 ||    16
         Ring mail         |       |     4 ||     4
  Dodge: Dodged            |    23 |    10 ||    33

Table legend:
 A = Non-vault XP
 B = Vault XP
 C = Vault XP percentage of total XP
 D = Non-vault monster count
 E = Vault monster count
 F = Vault count percentage of total count
                 A         B        C        D         E       F
            +---------+---------+-------+---------+---------+-------
      Total |     170 |       0 |   0.0 |      41 |       0 |   0.0
            +---------+---------+-------+---------+---------+-------
        D:1 |      20 |       0 |   0.0 |      11 |       0 |   0.0
        D:2 |      47 |       0 |   0.0 |      16 |       0 |   0.0
        D:3 |      85 |       0 |   0.0 |      12 |       0 |   0.0
        D:4 |      18 |       0 |   0.0 |       2 |       0 |   0.0
            +---------+---------+-------+---------+---------+-------
